 Dungeon Crawl Stone Soup version 0.24.1 (webtiles) character file.

Game seed: 18268956086292628458, levelgen mode: deterministic

11441 BreadTh the Fencer (level 11, 0/92 HPs)
             Began as a Minotaur Berserker on Mar 28, 2020.
             Was a High Priest of Trog.
             Slain by an orc warrior
             ... wielding a +0 halberd
              (25 damage)
             ... on level 11 of the Dungeon.
             The game lasted 00:43:19 (10635 turns).

BreadTh the Fencer (Minotaur Berserker)            Turns: 10635, Time: 00:43:20

Health: 0/92       AC: 18    Str: 26    XL:     11   Next: 49%
Magic:  10/10      EV: 10    Int:  4    God:    Trog [*****.]
Gold:   573        SH:  0    Dex: 11    Spells: 10/10 levels left

rFire    . . .     SeeInvis .   C - +0 great sword (slice)
rCold    . . .     Gourm    .   (shield currently unavailable)
rNeg     . . .     Faith    .   s - +0 plate armour
rPois    .         Spirit   .   (helmet restricted)
rElec    .         Reflect  .   e - +0 cloak
rCorr    .         Harm     .   r - +0 pair of gloves
MR       +....                  (no boots)
Stlth    ..........             A - amulet of regeneration
HPRegen  0.65/turn              y - ring of protection from magic
MPRegen  0.12/turn              (no ring)

@: no status effects
A: retaliatory headbutt, horns 2, molten scales 1, agile 1, deterioration 1
a: Berserk, Trog's Hand, Brothers in Arms, Renounce Religion


You were on level 11 of the Dungeon.
You worshipped Trog.
Trog was extremely pleased with you.
You were not hungry.

You visited 1 branch of the dungeon, and saw 11 of its levels.

You collected 573 gold pieces.

Inventory:

Hand Weapons
 C - a +0 great sword of slicing (weapon)
 D - a +3 antimagic falchion
 I - the +7 great mace "Firestarter" {inner flame, rF++}
   (You found it on level 10 of the Dungeon)

   It has been specially enchanted to burn those struck by it, causing extra
   injury to most foes and up to half again as much damage against particularly
   susceptible opponents.
   It greatly protects you from fire.
Missiles
 a - 20 boomerangs (quivered)
 g - 48 poisoned darts
 w - 5 boomerangs of dispersal
 E - 5 datura-tipped darts
 H - 6 atropa-tipped darts
Armour
 e - a +0 cloak (worn)
 r - a +0 pair of gloves (worn)
 s - a +0 plate armour (worn)
 B - the +7 ring mail of Sin {*Slow rN+ Str+2, unknown}
   (You found it on level 9 of the Dungeon)

   It affects your strength (+2).
   It protects you from negative energy.
   It may slow you when you take damage.
 J - +0 fire dragon scales
Jewellery
 b - an uncursed ring of stealth
 h - a cursed amulet of inaccuracy {unknown}
 y - a ring of protection from magic (left hand)
 A - an amulet of regeneration (around neck)
Wands
 u - a wand of polymorph (11)
 G - a wand of flame (21)
Scrolls
 d - 6 scrolls of remove curse
 p - 7 scrolls of teleportation
 q - a scroll of amnesia
 t - a scroll of blinking
 v - 2 scrolls of magic mapping
 x - a scroll of noise
 F - 2 scrolls of fear
 M - a scroll of enchant armour {unknown}
Potions
 f - 3 potions of haste
 i - 2 potions of might
 j - 8 potions of curing
 k - 2 potions of flight
 l - a potion of resistance {unknown}
 m - 3 potions of heal wounds
 n - 2 potions of cancellation
 z - a potion of agility
Comestibles
 c - 12 rations
 o - 2 chunks of flesh


   Skills:
 + Level 7.4 Fighting
 * Level 15.8 Long Blades
 + Level 6.8 Throwing
 + Level 7.4 Armour
 + Level 7.0 Dodging


You had 10 spell levels left.
You didn't know any spells.
Your spell library contained the following spells:

 Spells                   Type           Power        Failure   Level  Hunger
 Flame Tongue             Conj/Fire      #....        99%         1    ##.....
 Throw Flame              Conj/Fire      #.....       100%        2    ###....
 Conjure Flame            Conj/Fire      #.......     100%        3    ####...
 Inner Flame              Hex/Fire       #.......     100%        3    ####...
 Sticky Flame             Conj/Fire      #.......     100%        4    #####..
 Fireball                 Conj/Fire      #.........   100%        5    ######.


Dungeon Overview and Level Annotations

Branches:
Dungeon (11/15)            Temple (0/1) D:6            Lair (0/6) D:9
    Orc: D:9-12

Altars:
Ashenzari
Dithmenos
Gozag
Kikubaaqudgha
Nemelex Xobeh
Qazlal
Sif Muna
Yredelemnul
Zin

Annotations:
D:9 2 x dig -> loot


Innate Abilities, Weirdness & Mutations

You reflexively headbutt those who attack you in melee.
You have a pair of horns on your head.
You are partially covered in molten scales. (AC +2)
You are agile. (Dex +2)
Your body sometimes deteriorates upon taking damage.


Message History

An orc knight comes into view. It is wielding a +0 dire flail.
The orc warrior barely misses you.
You barely miss the orc warrior.
The orc warrior is moderately wounded.
The orc warrior barely misses you.
You riposte.
You closely miss the orc warrior.
The orc warrior is moderately wounded.
Your plate armour prevents you from hitting the orc warrior.
The orc warrior is moderately wounded.
The orc knight roars a battlecry!
The orcs go into a battle-frenzy!
The orc priest invokes the aid of Beogh against you.
Beogh smites you!
The orc warrior hits you from afar with a +0 halberd!!
The orc warrior hits you with a +0 scimitar!!
The orc priest calls down the wrath of Beogh upon you.
Beogh smites you!
* * * LOW HITPOINT WARNING * * *
The orc warrior hits you from afar with a +0 halberd!!
You die... o..o ooo

#8o o5 #o
#o####
######.o..#
.).....@..#
#######...#
##)## #)#
#########)#
#.........#
#.#########


You could see an orc knight, 2 orc warriors, an orc priest, a crimson imp and 6
orcs.

Vanquished Creatures
  A fire dragon (D:10)
  3 two-headed ogres
  2 trolls (D:9)
  Grinder (D:4)
  4 hippogriffs
  Sigmund (D:4)
  4 fire bats (D:10)
  6 yaks
  A basilisk (D:9)
  A hungry ghost (D:7)
  A water moccasin (D:8)
  3 orc warriors
  A black bear (D:6)
  4 sky beasts
  5 ogres
  2 centaurs
  2 necrophages
  3 phantoms
  A crocodile (D:9)
  3 big kobolds
  6 bullfrogs
  A scorpion (D:8)
  17 killer bees
  13 wights
  5 crimson imps
  A bullfrog zombie (D:5)
  8 hounds
  2 jellies
  A bullfrog skeleton (D:5)
  4 orc priests
  9 orc wizards
  3 centaur skeletons
  Jessica (D:2)
  8 worker ants
  Terence (D:2)
  5 iguanas
  Robin (D:2)
  A howler monkey zombie (D:5)
  A worker ant zombie (D:6)
  10 gnolls
  8 adders
  An ooze (D:3)
  2 adder skeletons
  2 worms (D:2)
  4 dart slugs
  8 leopard geckos
  57 orcs
  4 giant cockroaches
  14 goblins
  9 hobgoblins
  12 jackals
  20 kobolds
  5 quokkas
  3 ball pythons
  10 bats
  9 frilled lizards
  A leopard gecko skeleton (D:9)
  A quokka skeleton (D:6)
  A quokka zombie (D:8)
  9 rats
327 creatures vanquished.

Notes
Turn   | Place    | Note
-------+----------+-------------------------------------------
     0 | D:1      | BreadTh the Minotaur Berserker began the quest for the Orb.
     0 | D:1      | Reached XP level 1. HP: 19/19 MP: 0/0
   181 | D:1      | Reached XP level 2. HP: 22/27 MP: 1/1
   519 | D:1      | Reached skill level 4 in Long Blades
   675 | D:1      | Reached XP level 3. HP: 33/33 MP: 2/2
  1081 | D:2      | Reached skill level 1 in Throwing
  1122 | D:2      | Reached ** piety under Trog
  1122 | D:2      | Reached XP level 4. HP: 38/40 MP: 3/3
  1276 | D:2      | Noticed Jessica
  1282 | D:2      | Killed Jessica
  1447 | D:2      | Noticed Terence
  1453 | D:2      | Killed Terence
  1453 | D:2      | Reached skill level 5 in Long Blades
  1453 | D:2      | Reached XP level 5. HP: 47/47 MP: 4/4
  1849 | D:2      | Found an ancient bone altar of Kikubaaqudgha.
  1849 | D:2      | Found a shattered altar of Ashenzari.
  1850 | D:2      | Found an opulent altar of Gozag.
  1885 | D:2      | Found a basalt altar of Yredelemnul.
  2020 | D:2      | Noticed Robin
  2036 | D:2      | Killed Robin
  2203 | D:3      | Found a shattered altar of Ashenzari.
  2359 | D:3      | Reached *** piety under Trog
  2457 | D:3      | Reached XP level 6. HP: 52/53 MP: 5/5
  2759 | D:4      | Noticed Grinder
  2766 | D:4      | Killed Grinder
  2766 | D:4      | Reached skill level 5 in Fighting
  2766 | D:4      | Reached skill level 6 in Long Blades
  2766 | D:4      | Reached XP level 7. HP: 61/61 MP: 6/6
  2919 | D:4      | Noticed Sigmund
  2961 | D:4      | Killed Sigmund
  3341 | D:5      | Entered Level 5 of the Dungeon
  3353 | D:5      | Found a shadowy altar of Dithmenos.
  3368 | D:5      | Reached skill level 7 in Long Blades
  3370 | D:5      | Reached skill level 5 in Armour
  3435 | D:5      | Reached **** piety under Trog
  3757 | D:5      | Reached XP level 8. HP: 58/68 MP: 7/7
  3886 | D:5      | Reached skill level 8 in Long Blades
  3896 | D:5      | Reached skill level 5 in Dodging
  4107 | D:6      | Found a staircase to the Ecumenical Temple.
  4207 | D:5      | Reached skill level 9 in Long Blades
  4284 | D:6      | Reached skill level 5 in Throwing
  4342 | D:6      | Reached skill level 10 in Long Blades
  4359 | D:6      | Reached XP level 9. HP: 62/74 MP: 8/8
  4367 | D:6      | Received a gift from Trog
  5107 | D:6      | Got a bloodstained rapier
  5108 | D:6      | Identified the +5 rapier of Balance {vamp, +Blink +Fly rF-
                  | SInv} (You found it on level 6 of the Dungeon)
  5147 | D:7      | Reached skill level 11 in Long Blades
  5463 | D:7      | Reached ***** piety under Trog
  5537 | D:7      | Reached skill level 12 in Long Blades
  5676 | D:7      | Found a sparkling altar of Nemelex Xobeh.
  6620 | D:7      | Reached skill level 13 in Long Blades
  6780 | D:8      | Noticed a two-headed ogre
  6796 | D:8      | Killed a two-headed ogre
  6796 | D:8      | Reached skill level 14 in Long Blades
  6796 | D:8      | Reached XP level 10. HP: 13/81 MP: 9/9
  7489 | D:8      | Received a gift from Trog
  7670 | D:7      | Gained mutation: You possess an exceptional clarity of
                  | mind. [potion of mutation]
  7670 | D:7      | Gained mutation: Your magical capacity is low. (-10% MP)
                  | [potion of mutation]
  7670 | D:7      | Gained mutation: You are partially covered in molten
                  | scales. (AC +2) [potion of mutation]
  7670 | D:7      | Gained mutation: Your flesh is cold resistant. (rC+)
                  | [potion of mutation]
  7671 | D:7      | Lost mutation: You possess an exceptional clarity of mind.
                  | [potion of mutation]
  7671 | D:7      | Lost mutation: Your flesh is cold resistant. (rC+) [potion
                  | of mutation]
  7671 | D:7      | Gained mutation: Your muscles are strong. (Str +2) [potion
                  | of mutation]
  7671 | D:7      | Gained mutation: Your body sometimes deteriorates upon
                  | taking damage. [potion of mutation]
  7671 | D:7      | Lost mutation: Your magical capacity is low. (-10% MP)
                  | [potion of mutation]
  7672 | D:7      | Lost mutation: Your body sometimes deteriorates upon taking
                  | damage. [potion of mutation]
  7672 | D:7      | Lost mutation: Your muscles are strong. (Str +2) [potion of
                  | mutation]
  7672 | D:7      | Gained mutation: Your body sometimes deteriorates upon
                  | taking damage. [potion of mutation]
  7672 | D:7      | Gained mutation: You are agile. (Dex +2) [potion of
                  | mutation]
  7723 | D:8      | Found a stormy altar of Qazlal.
  8132 | D:9      | Noticed a two-headed ogre
  8146 | D:9      | Killed a two-headed ogre
  8400 | D:9      | Reached skill level 15 in Long Blades
  8520 | D:9      | Found a staircase to the Lair.
  8682 | D:9      | Reached XP level 11. HP: 71/91 MP: 3/10
  8962 | D:9      | Found a shimmering blue altar of Sif Muna.
  9048 | D:9      | Received a gift from Trog
  9159 | D:9      | Got an encrusted ring mail
  9517 | D:9      | Found a glowing silver altar of Zin.
  9871 | D:10     | Entered Level 10 of the Dungeon
 10120 | D:10     | Noticed a fire dragon
 10121 | D:10     | Found the +7 great mace "Firestarter" {inner flame, rF++}
 10139 | D:10     | Killed a fire dragon
 10191 | D:10     | Received a gift from Trog
 10451 | D:10     | Noticed a two-headed ogre
 10456 | D:10     | Killed a two-headed ogre
 10632 | D:11     | Noticed an orc knight
 10635 | D:11     | Slain by an orc warrior

Levels and vault maps discovered:
D:1:      saegor_arrival_simple_e, layout_loops_cross, roderic_serpentine_path
D:2:      layout_basic, nicolae_overflow_quartered_altars, minmay_pentomino_v2,
          uniq_robin, uniq_terence, uniq_jessica
D:3:      layout_rooms, first_ration, ashenzari_altar_1
D:4:      layout_rooms, minmay_lizard_king, uniq_sigmund, uniq_grinder
D:5:      layout_basic, minmay_ruined_shrine
D:6:      layout_basic, minmay_temple_entry_wispy
D:7:      layout_layer_cave, nemelex_xobeh_ov_fountains_minmay
D:8:      layout_rooms, lemuel_crystal_altar
D:9:      layout_layer_cave, lemuel_round_altar, kennysheep_mini_moat,
          david_lair_generic, serial_glass, glass_columns_c, glass_columns_c,
          due_unseen_surprise, item_on_display_a, item_on_display_a,
          minmay_strange_pillars
D:10:     minmay_firetagon, layout_basic
D:11:     layout_loops_ring, david_orc_5

Skill      XL: |  1  2  3  4  5  6  7  8  9 10 11 |
---------------+----------------------------------+-----
Long Blades    | 4 5 6 7 10 14 15 | 15.8
Fighting       | 4 5 6 7 |  7.4
Armour         | 3 4 5 6 7 |  7.4
Throwing       | 1 2 3 5 6 |  6.8
Dodging        | 3 4 5 6 7 |  7.0

Action                   |  1- 3 |  4- 6 |  7- 9 | 10-12 || total
-------------------------+-------+-------+-------+-------++-------
Melee: Falchion          |    73 |   104 |       |   241 ||   418
       Headbutt          |    10 |    26 |    50 |    75 ||   161
       Long sword        |       |    41 |   175 |       ||   216
       Scimitar          |       |       |   129 |    68 ||   197
       Great sword       |       |       |       |    70 ||    70
Throw: Dart              |     8 |    15 |     6 |     2 ||    31
       Boomerang         |       |     4 |     7 |     2 ||    13
Invok: Berserk           |       |     2 |     4 |     2 ||     8
       Trog's Hand       |       |       |     3 |     1 ||     4
Evoke: Wand              |       |       |       |    75 ||    75
  Use: Scroll            |       |       |     1 |    17 ||    18
       Potion            |       |       |       |     3 ||     3
  Eat: Chunk             |     1 |     6 |    19 |    12 ||    38
       Ration            |       |       |     1 |     1 ||     2
Armor: Animal skin       |     1 |       |       |       ||     1
       Chain mail        |    57 |    53 |   121 |       ||   231
       Plate armour      |       |       |    62 |   167 ||   229
Dodge: Dodged            |    25 |    65 |   159 |   155 ||   404
       Rpst.: Falchion   |     8 |    13 |       |    25 ||    46
       Long sword        |       |     6 |    24 |       ||    30
       Scimitar          |       |       |     5 |     7 ||    12
       Great sword       |       |       |       |    11 ||    11
